Map: Oxide LE

Players

PureLegacy

  • Race: Terran Terran
  • League: Grandmaster

MCanning - Winner!

  • Race: Protoss Protoss

Event: DreamHack SC2 Masters 2021 Summer

VOD

Have the link to the VOD?

Description

Time

  • Played on: May 25, 2021, 3:56 p.m.
  • Length: 8:12

All games in this series

Show
View Real Time Build Order
Export as new Build Order

PureLegacy Terran 

Build Orders: Reaper Expand 

Get SALT Encoding   

  12  0:01  SCV  
  13  0:13  SCV  
  14  0:17  Supply Depot  
  14  0:26  SCV  
  15  0:39  SCV  
  15  0:40  Barracks  
  16  0:45  Refinery  
  16  0:51  SCV  
  17  1:03  SCV  
  18  1:15  SCV  
  19  1:28  Orbital Command, Reaper  
  20  1:40  Command Center  
  20  1:50  Supply Depot  
  20  1:54  SCV  
  21  2:00  Marine  
  22  2:06  SCV  
  23  2:18  SCV, Bunker  
  23  2:20  Barracks Reactor  
  24  2:35  SCV  
  25  2:40  Barracks x2  
  25  2:45  Engineering Bay  
  25  2:47  SCV  
  26  2:59  Orbital Command  
  26  3:00  SCV  
  26  3:02  Marine x2  
  29  3:11  Terran Infantry Weapons Level 1  
  29  3:13  SCV  
  30  3:20  Marine x2  
  30  3:25  SCV x2  
  34  3:28  Barracks Tech Lab x2  
  34  3:33  Supply Depot  
  34  3:37  SCV  
  34  3:38  SCV, Marine x2  
  38  3:49  SCV, Stimpack  
  38  3:50  SCV  
  38  3:53  Missile Turret  
  38  3:55  Marine, Missile Turret  
  41  3:56  Marine  
  41  3:57  Combat Shield  
  41  4:00  Supply Depot  
  41  4:01  SCV  
  43  4:06  Marine x2  
  43  4:07  SCV  
  45  4:13  SCV  
  46  4:18  Marine  
  46  4:19  Marine  
  46  4:20  SCV  
  46  4:23  Supply Depot  
  49  4:25  Marauder x2  
  49  4:27  SCV  
  49  4:30  Refinery  
  49  4:31  Refinery  
  54  4:35  SCV  
  54  4:36  Marine  
  54  4:37  Marine, Missile Turret  
  57  4:39  SCV  
  58  4:45  Supply Depot  
  58  4:48  Marauder x2  
  58  4:49  SCV  
  63  4:53  SCV  
  63  4:54  Supply Depot  
  63  4:55  Marine x2  
  66  5:09  Marauder x2  
  66  5:10  Factory  
  66  5:11  SCV x2  
  66  5:13  Marine x2  
  74  5:16  Supply Depot  
  73  5:29  Barracks, Concussive Shells  
  73  5:30  Terran Infantry Armor Level 1, Barracks  
  73  5:34  Marauder x2, Marine  
  73  5:35  Marine  
  79  5:40  SCV  
  79  5:46  Supply Depot  
  79  5:47  SCV  
  80  5:52  SCV, Marine x2  
  80  5:55  Marauder  
  80  5:56  Marauder  
  75  6:08  Starport  
  75  6:09  Factory Reactor  
  75  6:10  Marine x2  
  75  6:11  Refinery  
  77  6:17  Marauder x2  
  77  6:18  Barracks Reactor, Barracks Tech Lab  
  64  6:21  Supply Depot  
  64  6:30  Marine x2  
  66  6:37  Marauder  
  66  6:38  Marauder x2  
  72  6:44  Supply Depot  
  72  6:46  Armory  
  72  6:47  Engineering Bay  
  72  6:48  Marine x2  
  72  6:53  Medivac x2  
  78  6:54  Marine x2  
  78  6:58  Marine  
  78  6:59  Marine  
  78  7:00  Marauder  
  84  7:05  SCV x2  
  84  7:06  Marine x2  
  84  7:07  Supply Depot  
  88  7:12  Marine x2  
  90  7:16  Marine  
  90  7:17  SCV x2, Marine  
  90  7:20  Marine  
  95  7:23  Medivac x2  
  95  7:26  Marine x2  
  95  7:29  SCV x2  
  103  7:30  Supply Depot  
  103  7:33  Marine x2  
  105  7:41  SCV  
Show
View Real Time Build Order
Export as new Build Order

MCanning Protoss - Winner!

Build Orders: 1 Gate Expand, Blink Stalkers 

Get SALT Encoding   

  12  0:00  Probe  
  13  0:12  Probe  
  14  0:17  Pylon  
  14  0:24  Probe  
  15  0:36  Probe (Chrono Boost), Gateway  
  16  0:46  Probe (Chrono Boost), Assimilator  
  17  0:51  Probe (Chrono Boost)  
  18  1:03  Probe  
  19  1:15  Probe  
  20  1:23  Nexus  
  20  1:32  Cybernetics Core  
  20  1:38  Probe  
  21  1:43  Assimilator  
  21  1:48  Pylon  
  21  1:51  Probe  
  22  2:03  Probe (Chrono Boost)  
  22  2:05  Adept (Chrono Boost)  
  23  2:09  Warp Gate  
  26  2:16  Probe (Chrono Boost)  
  26  2:21  Probe (Chrono Boost)  
  27  2:23  Twilight Council  
  27  2:30  Probe  
  27  2:33  Stalker  
  31  2:37  Probe (Chrono Boost)  
  32  2:47  Probe (Chrono Boost)  
  32  2:49  Probe (Chrono Boost)  
  33  2:54  Probe (Chrono Boost)  
  33  2:56  Probe (Chrono Boost)  
  35  2:58  Blink (Chrono Boost)  
  35  3:03  Probe  
  35  3:06  Probe  
  36  3:15  Probe  
  36  3:18  Probe  
  36  3:19  Gateway  
  38  3:22  Gateway  
  38  3:27  Probe  
  38  3:30  Probe  
  38  3:33  Robotics Facility  
  40  3:39  Probe  
  40  3:40  Pylon  
  41  3:42  Probe  
  42  3:51  Probe  
  42  3:54  Probe  
  44  3:57  Sentry  
  45  4:03  Probe  
  45  4:08  Probe  
  47  4:10  Nexus  
  47  4:11  Pylon  
  47  4:14  Stalker  
  49  4:17  Probe  
  49  4:20  Stalker  
  49  4:22  Observer  
  53  4:25  Probe  
  53  4:29  Probe  
  55  4:32  Charge (Chrono Boost), Pylon, Stalker  
  55  4:37  Probe  
  58  4:41  Probe  
  58  4:44  Gateway  
  59  4:47  Observer  
  59  4:49  Gateway  
  59  4:50  Probe  
  61  4:54  Probe  
  62  5:00  Gateway  
  62  5:02  Probe  
  62  5:05  Gateway  
  63  5:07  Probe  
  63  5:14  Probe, Stalker x2  
  69  5:23  Pylon  
  69  5:24  Probe  
  69  5:25  Pylon  
  68  5:38  Shield Battery  
  68  5:41  Zealot x4  
  74  5:44  Probe  
  74  5:46  Shield Battery  
  74  5:48  Zealot, Pylon  
  77  5:51  Probe  
  77  5:55  Probe  
  77  5:56  Zealot  
  73  6:01  Zealot x3  
  73  6:02  Zealot  
  70  6:09  Zealot x2  
  72  6:13  Probe  
  72  6:15  Probe, Shield Battery  
  74  6:21  Probe  
  74  6:23  Assimilator  
  74  6:24  Sentry  
  74  6:25  Robotics Bay  
  77  6:26  Assimilator  
  77  6:27  Probe  
  77  6:28  Probe  
  77  6:32  Forge  
  79  6:33  Immortal (Chrono Boost)  
  83  6:42  Zealot  
  83  6:43  Pylon  
  85  6:50  Stalker x2  
  89  6:56  Zealot  
  89  6:57  Shield Battery, Stalker  
  93  7:01  Sentry  
  93  7:08  Photon Cannon, Pylon  
  95  7:10  Pylon  
  95  7:14  Disruptor (Chrono Boost)  
  98  7:17  Zealot x2  
  98  7:21  Shield Battery  
  102  7:23  Photon Cannon  
  102  7:30  Zealot x2  
  106  7:39  Disruptor (Chrono Boost), Zealot x4  
  106  7:41  Sentry  
  119  7:46  Shield Battery  
  119  7:52  Photon Cannon, Sentry  
  119  7:53  Zealot  
  123  7:59  Pylon  
  123  8:05  Stalker x3  
  123  8:08  Zealot x2  
Tags
 
Add a new tag
Caveats
  • Supply blocks, unpowered buildings, or Contaminate may cause inaccurate times.
  • Supply counts are checked every 10 seconds.